 Dungeon Crawl Stone Soup version 0.28.0-43-g3370ac3207 (webtiles) character file.

Game seed: 10997702957537770088

150 nickcage the Vexing (level 5, 0/24 HPs)
             Began as a Spriggan Enchanter on Mar 7, 2022.
             Slain by Grinder (9 damage)
             ... on level 3 of the Dungeon.
             The game lasted 00:12:33 (3746 turns).

nickcage the Vexing (Spriggan Enchanter)            Turns: 3746, Time: 00:12:34

Health: 0/24       AC:  2    Str:  4    XL:     5   Next: 10%
Magic:  5/10       EV: 17    Int: 18    God:
Gold:   133        SH:  0    Dex: 16    Spells: 7/9 levels left

rFire   . . .      SeeInvis +   k - +2 dagger (freeze)
rCold   . . .      Faith    .   (no shield)
rNeg    . . .      Spirit   .   b - +0 robe
rPois   .          Reflect  .   (helmet restricted)
rElec   .          Harm     .   (no cloak)
rCorr   .          Rampage  .   (gloves unavailable)
Will    +....                   (boots unavailable)
Stlth   +++.......              (no amulet)
HPRegen 0.08/turn               e - ring of willpower
MPRegen 0.12/turn               (no ring)

@: very slightly contaminated, very quick
A: very small, no large weapons, unfitting armour, see invisible, speed 3
a: no special abilities


You were on level 3 of the Dungeon.
You visited 1 branch of the dungeon, and saw 4 of its levels.

You collected 133 gold pieces.

Inventory:

Hand Weapons
 a - a +1 dagger
 h - a +1 dagger of draining
 k - a +2 dagger of freezing (weapon)
Missiles
 f - a throwing net (quivered)
Armour
 b - a +0 robe (worn)
Jewellery
 e - a ring of willpower (left hand)
Wands
 o - a wand of charming (6)
Scrolls
 d - 8 scrolls of identify {unknown}
 g - a scroll of teleportation {unknown}
 n - a scroll of enchant armour {unknown}
Potions
 c - a potion of invisibility
 i - 2 potions of flight {unknown}
 j - 2 potions of resistance {unknown}
 l - a potion of might {unknown}
 m - a potion of brilliance {unknown}


   Skills:
 * Level 1.1 Short Blades
 - Level 2.6 Dodging
 - Level 4.4 Stealth
 - Level 2.6 Spellcasting
 - Level 7.0 Hexes
 - Level 0.2 Ice Magic


You had 7 spell levels left.
You knew the following spells:

 Your Spells              Type           Power      Damage    Failure   Level
a - Ensorcelled Hibernat  Hex/Ice        30%        N/A       6%          2

Your spell library contained the following spells:

 Spells                   Type           Power      Damage    Failure   Level
 Confusing Touch          Hex            27%        N/A       2%          3
 Tukima's Dance           Hex            27%        N/A       2%          3
 Dazzling Flash           Conj/Hex       30%        N/A       12%         3
 Apportation              Tloc           4%         N/A       17%         1
 Ozocubu's Armour         Ice            3%         N/A       43%         3
 Olgreb's Toxic Radiance  Pois           2%         N/A       86%         4
 Alistair's Intoxication  Tmut/Pois      1%         N/A       99%         5
 Malign Gateway           Summ/Tloc      1%         N/A       100%        7
 Ozocubu's Refrigeration  Ice            1%         4d5       100%        7
 Ignition                 Fire           1%         3d3       100%        8
 Summon Horrible Things   Summ           1%         N/A       100%        8


Dungeon Overview and Level Annotations

Branches:
Dungeon (4/15)
 Temple: D:4-7

Altars:

Shops:
D:1 =

Annotations:
D:3 Grinder
D:4 Ijyb


Innate Abilities, Weirdness & Mutations

You are very small and have problems with some larger weapons.
You are too small for most types of armour.
You have supernaturally acute eyesight. (SInv)
You cover ground extremely quickly. (Speed+++)


Message History

Ijyb screams, "It's all mine!"
The endoplasm hits you. Grinder barely misses you.
You climb upwards.
There is a stone staircase leading down here.
Casting: Ensorcelled Hibernation (safe; 6% risk of failure)
Confirm with . or Enter, or press ? or * to list all spells.
You don't know that spell.
Casting: Ensorcelled Hibernation (safe; 6% risk of failure)
Confirm with . or Enter, or press ? or * to list all spells.
Aiming: Ensorcelled Hibernation (safe; 6% risk of failure)
Press: ? - help, Shift-Dir - straight line, f - endoplasm
Aim: an endoplasm (chance to affect: 66%)
You miscast Ensorcelled Hibernation.
You are very lightly contaminated with residual magic.
Nothing appears to happen.
The endoplasm hits you.
Grinder blinks!
Casting: Ensorcelled Hibernation (safe; 6% risk of failure)
Confirm with . or Enter, or press ? or * to list all spells.
Aiming: Ensorcelled Hibernation (safe; 6% risk of failure)
Press: ? - help, Shift-Dir - straight line, f/p - endoplasm
Aim: an endoplasm (chance to affect: 66%)
The endoplasm struggles to resist.
The endoplasm misses you.
Casting: Ensorcelled Hibernation (safe; 6% risk of failure)
Confirm with . or Enter, or press ? or * to list all spells.
Aiming: Ensorcelled Hibernation (safe; 6% risk of failure)
Press: ? - help, Shift-Dir - straight line, f/p - endoplasm
Aim: an endoplasm (chance to affect: 66%)
The endoplasm looks drowsy...
Unknown command.
The helpless endoplasm fails to defend itself.
You puncture the endoplasm! You freeze the endoplasm.
You kill the endoplasm!
You closely miss Grinder. Grinder misses you.
You barely miss Grinder. Grinder gestures at you.
You easily resist.
You hit Grinder but do no damage. Grinder hits you.
You writhe in agony.
You hit Grinder.
Grinder is lightly wounded.
Grinder hits you!
You die...

#.# #.##.###
##.##########.##.### #####
##...##..........#..#
##...####.###.#.######.##.#.#
#.....##.## ##..# #...<....#
#........# #..# #.######..
#....)##.## ##.## #.# #.#
##...####.###†## #.# #.#
##.## ##.5@## #.# #.# #.#
#.### #(# #.# #^# #.# #.###
#.. #.# #.# #..)# ### ###.#
#.# ###.# #...# #.# #.# #.###
#.# #.# #.# #.# #.# #.# #.#
#.#


You could see Grinder.

Vanquished Creatures
  A gnoll shaman (D:4)
  3 gnolls (D:4)
  3 adders
  2 worms (D:2)
  An orc (D:4)
  5 ball pythons
  4 endoplasms
  2 giant cockroaches
  8 goblins
  7 hobgoblins
  3 quokkas
  4 bats
  A frilled lizard (D:2)
  10 kobolds
  6 rats
60 creatures vanquished.

Notes
Turn   | Place    | Note
-------+----------+-------------------------------------------
     0 | D:1      | nickcage the Spriggan Enchanter began the quest for the
                  | Orb.
     0 | D:1      | Reached XP level 1. HP: 9/9 MP: 5/5
   343 | D:1      | Reached skill level 4 in Hexes
   528 | D:1      | Found Paberche's Jewellery Boutique.
   582 | D:1      | Reached XP level 2. HP: 12/13 MP: 6/6
   585 | D:1      | Learned a level 2 spell: Ensorcelled Hibernation
  1311 | D:2      | Reached skill level 5 in Hexes
  1386 | D:2      | Reached XP level 3. HP: 16/16 MP: 2/8
  3140 | D:3      | Reached XP level 4. HP: 19/21 MP: 9/9
  3285 | D:3      | Reached skill level 6 in Hexes
  3587 | D:4      | Reached XP level 5. HP: 24/24 MP: 3/10
  3648 | D:4      | Noticed Grinder
  3652 | D:4      | Noticed Ijyb
  3666 | D:4      | Paralysed by Grinder for 7 turns
  3684 | D:3      | Reached skill level 7 in Hexes
  3746 | D:3      | Slain by Grinder

Illustrated notes

Levels and vault maps discovered:
D:1:      sevenhm_arrival_forest_fort_small_6, layout_loops_ring, serial_shops,
          nicolae_shop_advertising_works [nicolae_subvault_shop_adworks]
D:2:      minmay_diamond_boxcup, layout_loops_cross
D:3:      layout_loops_ring
D:4:      layout_cave_pools, tgw_xom, ebering_ghost_disaster_area, uniq_grinder,
          uniq_ijyb, uniq_blork_the_orc

Skill      XL: |  1  2  3  4  5 |
---------------+----------------+-----
Hexes          | 4 5 6 7 |  7.0
Short Blades   | |  1.1
Dodging        | |  2.6
Stealth        | |  4.4
Spellcasting   | |  2.6
Ice Magic      | |  0.2

Action                   |  1- 3 |  4- 6 || total
-------------------------+-------+-------++-------
Melee: Dagger            |   124 |    16 ||   140
       Punch             |     2 |       ||     2
 Cast: Ensorcelled Hiber |    18 |    11 ||    29
 Stab: Sleeping          |    27 |     9 ||    36
Armor: Robe              |    15 |     2 ||    17
Dodge: Dodged            |    82 |     9 ||    91
